 Dungeon Crawl Stone Soup version 0.30-b1-2-g02819fbbbe (webtiles) character file.

Game seed: 6812496765793818199

1674930 raph the Axe Maniac (level 27, 271/271 HPs)
             Began as a Hill Orc Berserker on Aug 23, 2023.
             Was an Elder of Trog.
             Escaped with the Orb
             ... and 3 runes!
             The game lasted 01:54:16 (69539 turns).

raph the Axe Maniac (Hill Orc Berserker)           Turns: 69539, Time: 01:54:17

Health: 271/271    AC: 46    Str: 29    XL:     27
Magic:  23/23      EV: 25    Int:  9    God:    Trog [****..]
Gold:   3156       SH:  0    Dex: 24    Spells: 26/26 levels left

rFire   + . .        a - +9 executioner's axe (flame)
rCold   + . .        (shield currently unavailable)
rNeg    . . .        A - +1 gold dragon scales
rPois   +            Z - +3 crown of Dyrovepreva {rElec Int+2 SInv}
rElec   +            D - +4 cloak of Mental Paralysis {rPois Slay+3}
rCorr   +            C - +2 pair of gloves {Str+3}
SInv    +            E - +2 pair of boots {Fly}
Will    +++..        x - amulet of regeneration Stlth
                     R - ring of the Sun {Will+ rCorr Dex+6 SInv Stlth+}
HPRegen 1.45/turn    Y - +5 ring of evasion
MPRegen 0.18/turn

%: no passive effects
@: flying, studying Evocations
A: iridescent scales 1, evolution 1, subdued magic 1, sturdy frame 1
0: Orb of Zot
}: 3/15 runes: serpentine, barnacled, abyssal
a: Renounce Religion, Berserk, Trog's Hand, Brothers in Arms


You escaped.
You worshipped Trog.
Trog was greatly pleased with you.
You visited 9 branches of the dungeon, and saw 46 of its levels.
You visited the Abyss 1 time.
You also visited: Sewer, Ice Cave, Volcano and Wizlab.

You collected 8132 gold pieces.
You spent 4976 gold pieces at shops.

Inventory:

Hand Weapons
 a - a +9 executioner's axe of flaming (weapon)
 b - the +2 executioner's axe of Trog's Righteous Anger {heavy, Str+8 Stlth-}
   (Trog gifted it to you on level 1 of the Realm of Zot)

   Str:       It affects your strength (+8).
   Stlth:     It makes you less stealthy.
 P - a +2 heavy executioner's axe
Missiles
 f - 5 silver javelins
 k - 6 throwing nets
 l - 24 boomerangs (quivered)
 G - 5 javelins
 V - 4 curare-tipped darts
 W - 10 boomerangs of dispersal
Armour
 A - +1 gold dragon scales (worn)
 C - a +2 pair of gloves of strength (worn)
 D - the +4 cloak of Mental Paralysis (worn) {rPois Slay+3}
   (You found it on level 15 of the Dungeon)

   Slay:      It affects your accuracy & damage with ranged weapons and melee
   (+3).
   rPois:     It protects you from poison.
 E - a +2 pair of boots of flying (worn)
 Z - the +3 crown of Dyrovepreva (worn) {rElec Int+2 SInv}
   (You found it on level 2 of the Vaults)

   Int:       It affects your intelligence (+2).
   rElec:     It insulates you from electricity.
   SInv:      It lets you see invisible.
Jewellery
 m - the ring "Zebet" {rF+ AC+4 Int+2}
   (You took it off a deep elf pyromancer on level 3 of the Elven Halls)

   [ring of protection]

   AC:        It affects your AC (+4).
   Int:       It affects your intelligence (+2).
   rF:        It protects you from fire.
 x - an amulet of regeneration (around neck)
 R - the ring of the Sun (left hand) {Will+ rCorr Dex+6 SInv Stlth+}
   (You took it off a kobold brigand on level 11 of the Dungeon)

   [ring of see invisible]

   Dex:       It affects your dexterity (+6).
   SInv:      It lets you see invisible.
   rCorr:     It protects you from acid and corrosion.
   Will:      It increases your willpower.
   Stlth:     It makes you more stealthy.
 Y - a +5 ring of evasion (right hand)
Wands
 g - a wand of polymorph (5)
 o - a wand of paralysis (26)
 z - a wand of flame (42)
 F - a wand of quicksilver (36)
 J - a wand of roots (51)
 K - a wand of digging (7)
 Q - a wand of mindburst (35)
Scrolls
 d - 14 scrolls of teleportation
 i - 7 scrolls of poison
 j - 3 scrolls of magic mapping
 q - 38 scrolls of identify
 u - 3 scrolls of blinking
 H - a scroll of butterflies
 M - 17 scrolls of fear
 N - 2 scrolls of silence
 O - 7 scrolls of fog
Potions
 c - 3 potions of resistance
 e - a potion of haste
 n - 7 potions of ambrosia
 p - 7 potions of might
 r - 9 potions of flight
 s - a potion of heal wounds
 v - 2 potions of cancellation
 B - 5 potions of invisibility
 I - 22 potions of curing
 L - 8 potions of mutation
Miscellaneous
 w - a phial of floods
 y - a lightning rod (4/4)
 T - a condenser vane
 U - a phantom mirror
 X - a box of beasts


   Skills:
 * Level 26.7 Fighting
 O Level 27 Axes
 * Level 19.2 Throwing
 * Level 25.3 Armour
 + Level 17.7 Dodging
 * Level 19.0 Evocations


You had 26 spell levels left.
You didn't know any spells.
Your spell library was empty.

Dungeon Overview and Level Annotations

Branches:
Dungeon (15/15)            Temple (0/1) D:6            Lair (5/5) D:9
 Shoals (4/4) Lair:3        Snake (4/4) Lair:2        Slime (0/5) Lair:5
    Orc (2/2) D:12            Elf (3/3) Orc:2        Vaults (4/5) D:13
  Crypt (0/3) Vaults:3     Depths (4/4) D:15            Zot (5/5) Depths:4
  Sewer (visited)           IceCv (visited)         Volcano (visited)
 WizLab (visited)

Altars:
Fedhas
Gozag
Hepliaklqana
Kikubaaqudgha
Qazlal
Uskayaw
Vehumet
Wu Jian
Xom
Yredelemnul
Zin
The Shining One
Beogh

Shops:
D:1 ((*(   D:3 (   D:10 :   D:14 !   Orc:2 !:!*[   Shoals:4 ?   Snake:1 :[
Snake:4 (   Vaults:3 (   Depths:2 ((!*

Portals:
Hell: Depths:1 Depths:2 Depths:3 Depths:4
Abyss: Depths:3
Pandemonium: Depths:1 Depths:2
Ziggurat: Depths:3
Trove: Vaults:3 (give 16 scrolls of teleportation)

Annotations:
Lair:5 1 runed translucent door
Vaults:1 4 runed translucent doors, Lianjan's ghost, adept GnWr
Depths:1 3 runed translucent doors
Depths:3 1 runed translucent door


Innate Abilities, Weirdness & Mutations

You are partially covered in iridescent scales. (AC +2)
You have hidden genetic potential.
Your spells are a little easier to cast, but a little less powerful.
Your movements are slightly less encumbered by armour. (ER -2)


Message History

Press: ? - help, Shift-Dir - straight line This square is covered in magical glow.
The rock shatters into small pieces.
There is a stone staircase leading up here.
You fly upwards.
There is a stone staircase leading down here.
Your extra speed is starting to run out.
You feel yourself slow down.
There is an escape hatch in the ceiling here.
A mysterious force pulls you upwards. The hatch slams shut behind you.
There is a stone staircase leading up here.
You fly upwards.
There is a stone staircase leading down here.
An Orb Guardian comes into view.
You slice the Orb Guardian!! You burn the Orb Guardian!
The Orb Guardian is heavily wounded.
The Orb Guardian hits you but does no damage.
You miss the Orb Guardian.
The Orb Guardian is heavily wounded.
The Orb Guardian misses you.
A smoke demon comes into view.
You slash the Orb Guardian! You burn the Orb Guardian.
The Orb Guardian is severely wounded.
You slice the smoke demon!! The Orb Guardian barely misses you.
You slice the Orb Guardian!! You burn the Orb Guardian.
You kill the Orb Guardian!
Trog accepts your kill.
You slice the smoke demon!!
You kill the smoke demon!
Trog accepts your kill.
Your life force feels restored.
There is a stone staircase leading up here.
You fly upwards.
There is a stone staircase leading down here.
There is a stone staircase leading up here.
You fly upwards.
There is a stone staircase leading down here.
You see here a +0 leather armour.
There is a staircase leading out of the dungeon here.
You have escaped!

#.# #...###.# #.#
####[#.## #.# ##..###
########.# #...[#
.........# ########.#
∩........# #........#
########.# #####.≈≈...#
#.# #...#.≈≈...# #.#
#.@.#......# #.#
#...#......# #.#
###........#
########.###########.....#
................# #######
###############.# #.#
#.#####.# #.......#
#########


There were no monsters in sight!

Vanquished Creatures
  5 ancient liches
  6 dread liches
  4 orbs of fire
  Mara (Vaults:2)
  4 juggernauts
  Boris (4 times) (Vaults:2 Vaults:3 Depths:2 Depths:4)
  Margery (Vaults:4)
  6 Killer Klowns
  Saint Roka (Snake:4)
  A caustic shrike (Depths:3)
  13 golden dragons
  2 profane servitors (Abyss:3)
  4 curse toes
  6 bone dragons
  2 electric golems
  2 Ice Fiends
  18 tentacled monstrosities
  A titan (Depths:2)
  Asterion (Vaults:1)
  2 deep elf blademasters
  A walking crystal tome (Depths:2)
  A walking earthen tome (Depths:3)
  6 liches
  9 quicksilver dragons
  A walking divine tome (Depths:3)
  24 Orb Guardians
  11 death cobs
  4 acid blobs (Depths:4)
  6 tentacled starspawn (Abyss:3)
  3 krakens
  7 sphinxes
  11 storm dragons
  8 shadow dragons
  2 rockslimes (Depths:4)
  3 tengu reavers
  7 azure jellies (Depths:4)
  The ghost of Yamstis the Nimble, an adept GnMo of Makhleb (D:15)
  4 draconian knights
  6 nagarajas (Snake:4)
  Donald (Vaults:2)
  An iron dragon (Depths:3)
  Ilsuiw (Shoals:3)
  2 revenants
  9 fire giants
  5 draconian scorchers
  12 vault wardens
  4 deep elf sorcerers
  3 draconian monks
  5 ghost moths
  Aizul (Shoals:4)
  11 frost giants
  A caustic shrike zombie (Abyss:3)
  A curse skull (Vaults:3)
  An angel (Abyss:3)
  3 deep elf elementalists (Elf:3)
  An orc warlord (Vaults:4)
  6 spriggan defenders
  A ghoul (Vaults:3)
  16 ironbound preservers
  The ghost of prikolics the Spear-Bearer, a journeyman NaWr of Cheibriados (D:15)
  Louise (Snake:4)
  6 draconian shifters
  The ghost of diceflayer the Warrior, a journeyman DsHu of Okawaru (D:15)
  2 draconian stormcallers
  4 quicksilver oozes (Depths:4)
  24 very ugly things
  3 ophanim (Abyss:3)
  9 draconian annihilators
  13 ironbound thunderhulks
  A war gargoyle (Vaults:4)
  11 stone giants
  7 green draconians
  9 black draconians
  A demonspawn black sun (WizLab)
  A vampire knight (Vaults:3)
  12 yellow draconians
  2 eleionomae (Shoals:3)
  A spark wasp (Depths:2)
  6 dire elephants
  5 deep elf annihilators (Elf:3)
  A lorocyproca (WizLab)
  A minotaur (Shoals:1)
  3 deep elf demonologists
  6 red draconians
  8 purple draconians
  2 eidola (Vaults:3)
  16 white draconians
  5 merfolk impalers
  A green death (Abyss:3)
  2 blizzard demons (WizLab)
  4 ettins
  7 deep elf high priests
  3 merfolk javelineers
  An entropy weaver (Vaults:3)
  4 deep elf death magi
  8 fire dragons
  The ghost of diceflayer the Severer, a journeyman MiFi of Okawaru (D:12)
  6 rakshasas
  7 great orbs of eyes
  13 yaktaur captains
  4 salamander tyrants (Snake:4)
  An entropy weaver (shapeshifter) (D:13)
  8 hydras
  A hell beast (Depths:1)
  2 peacekeepers (Vaults:4)
  8 ice dragons
  2 vault guards (Vaults:3)
  An ogre mage (D:15)
  5 centaur warriors
  12 spriggan air magi
  4 caustic shrike simulacra (IceCv)
  3 merfolk aquamancers
  12 ironbound frosthearts
  4 alligator snapping turtles
  An anaconda (shapeshifter) (Depths:1)
  10 anacondas
  2 boulder beetles
  A catoblepas (D:15)
  36 dancing weapons
  8 naga warriors
  4 deep troll earth magi
  7 deep troll shamans
  7 satyrs
  An orc high priest (Orc:2)
  6 two-headed ogres
  6 tengu warriors
  4 death yaks (Lair:5)
  8 thrashing horrors (Abyss:3)
  5 hell hogs
  8 shock serpents
  15 deep elf knights
  17 naga sharpshooters
  11 spriggan berserkers
  A spectral dire elephant (Lair:5)
  9 spriggans
  17 hell knights
  A titan zombie (Abyss:3)
  5 soul eaters (Depths:4)
  2 sixfirhies
  3 wretched stars (Abyss:3)
  5 sun demons
  3 salamander mystics
  2 cherubim (Abyss:3)
  5 iron trolls
  5 skeletal warriors (D:12)
  7 large abominations (Abyss:3)
  44 deep trolls
  3 skysharks
  4 flayed ghosts
  3 obsidian statues
  5 wizards
  A glowing orange brain (shapeshifter) (D:15)
  A spriggan simulacrum (IceCv)
  11 sea snakes
  2 bog bodies (IceCv)
  8 naga ritualists
  Pikel (D:7)
  21 deep elf archers
  6 glowing orange brains
  A phantasmal warrior (D:13)
  A tengu zombie (Vaults:4)
  15 lindwurms
  17 harpies
  8 necromancers
  19 ironbound convokers
  28 deep elf zephyrmancers
  42 deep elf pyromancers
  5 mana vipers
  A wolf spider (D:14)
  3 orc knights
  5 orc sorcerers
  34 fauns
  47 ugly things
  14 manticores
  A manticore (shapeshifter) (Depths:2)
  5 cyclopes
  2 shining eyes (Depths:4)
  A faun (shapeshifter) (Depths:2)
  16 elephants
  A moth of wrath (shapeshifter) (Depths:1)
  19 moths of wrath
  16 salamanders
  2 spectral centaurs (D:12)
  2 worldbinders (Abyss:3)
  12 merfolk sirens
  An apocalypse crab (Abyss:3)
  18 vault sentinels
  51 black mambas
  2 black mambas (shapeshifter)
  2 rust devils (WizLab)
  2 ice statues (Snake:3)
  A torpor snail (Lair:4)
  Maurice (D:10)
  8 water nymphs
  13 naga magi
  2 orange demons (WizLab)
  3 guardian serpents
  2 gargoyles
  A demonic crawler (Abyss:3)
  7 smoke demons
  2 hellions
  7 cane toads
  A rime drake (Lair:5)
  An efreet (D:14)
  2 unseen horror zombies (D:10)
  An unseen horror (Abyss:3)
  2 kobold demonologists
  26 yaktaurs
  2 golden dragon simulacra (IceCv)
  A tormentor (WizLab)
  An anaconda simulacrum (IceCv)
  A komodo dragon (shapeshifter) (D:13)
  3 komodo dragons
  8 tengu conjurers
  6 freezing wraiths
  2 ancient zymes (Abyss:3)
  24 merfolk
  2 hellwings (WizLab)
  7 meliai
  2 polar bears (shapeshifter)
  4 trolls
  8 wind drakes
  A troll (shapeshifter) (Vaults:4)
  13 starcursed masses (Abyss:3)
  22 raiju (Abyss:3)
  9 blink frogs
  A wolf spider simulacrum (D:12)
  Prince Ribbit (D:7)
  10 hornets
  6 dream sheep
  14 snapping turtles
  28 slime creatures
  3 centaur simulacra
  3 shadows
  Sigmund (D:3)
  6 air elementals
  5 wyverns
  8 water elementals
  4 wraiths
  37 yaks
  6 ynoxinuls
  9 fire elementals
  2 golden eyes (Depths:4)
  3 redbacks (Vaults:3)
  7 chaos spawn
  2 death yak simulacra (Lair:5)
  A redback simulacrum (D:12)
  4 neqoxecs
  4 wargs
  A steam dragon (D:10)
  A swamp worm (shapeshifter) (Depths:3)
  9 vampire mosquitoes
  An acid dragon (D:11)
  36 nagas
  Edmund (D:6)
  A hydra simulacrum (IceCv)
  12 small abominations
  16 water moccasins
  2 black bears
  5 hell hounds
  22 orc warriors
  2 elephant zombies (Lair:5)
  A sky beast (D:6)
  8 ogres
  4 ettin simulacra (IceCv)
  9 wolves
  3 phantoms
  9 centaurs
  A lemure (D:7)
  7 kobold brigands
  An elf simulacrum (Vaults:4)
  A bullfrog (shapeshifter) (Depths:4)
  Blork the orc (D:6)
  13 bullfrogs
  4 scorpions
  2 earth elementals
  25 wights
  A deep troll simulacrum (IceCv)
  2 elephant simulacra (Lair:5)
  A lindwurm simulacrum (IceCv)
  A human simulacrum (Vaults:4)
  5 killer bees (D:8)
  5 howler monkeys
  8 centaur zombies
  6 hounds
  Crazy Yiuf (D:7)
  17 orc priests
  A jelly (D:5)
  An iron imp (Abyss:3)
  A gnoll bouda (Lair:5)
  5 iguanas
  A sleepcap (D:6)
  31 orc wizards
  11 hell rats
  A howler monkey zombie (D:10)
  4 gnolls (D:4)
  11 adders
  3 river rats (D:5)
  2 shadow imps
  3 white imps (Abyss:3)
  4 ufetubi
  4 worms
  A dart slug (shapeshifter) (Elf:1)
  3 dart slugs
  84 orcs
  5 bats
  6 endoplasms
  16 giant cockroaches
  9 goblins
  5 hobgoblins
  2 jackals (D:4)
  11 quokkas
  17 ball pythons
  12 frilled lizards
  32 kobolds
  6 rats
  A lurking horror (Abyss:3)
  4 spectral weapons
  3 starspawn tentacles (Abyss:3)
  8 tentacles
2209 creatures vanquished.

Vanquished Creatures (collateral kills)
  A dread lich (Zot:5)
  Vashnia (Snake:4)
  Rupert (D:15)
  2 Orb Guardians (Zot:5)
  Mlioglotl (Shoals:4)
  A deep elf master archer (Elf:3)
  2 deep elf sorcerers (Elf:3)
  A deep elf elementalist (Elf:3)
  2 deep elf demonologists (Elf:3)
  A deep elf annihilator (Elf:3)
  The ghost of rikstar the Warrior, a journeyman MiGl of Okawaru (Orc:2)
  3 dire elephants (Lair:5)
  A blizzard demon (Depths:4)
  2 merfolk impalers (Shoals:4)
  Erolcha (Orc:2)
  A deep elf high priest (Elf:3)
  A rakshasa (Abyss:3)
  2 dancing weapons
  A wretched star (Abyss:3)
  A spectral anaconda (Lair:5)
  A deep troll (Vaults:2)
  2 orc knights (Orc:2)
  2 fauns (Shoals:2)
  2 manticores (Shoals:4)
  A mana viper (Snake:3)
  A black mamba (Snake:4)
  A vault sentinel (Vaults:2)
  An ancient zyme (Abyss:3)
  A freezing wraith (Abyss:3)
  A troll (Orc:1)
  2 water elementals (Shoals:4)
  2 starcursed masses (Abyss:3)
  A fire elemental (Elf:3)
  A basilisk (Lair:3)
  5 orc warriors (Orc:2)
  2 centaurs (Lair:3)
  3 orc priests
  An iron imp (Abyss:3)
  An orc wizard (Orc:1)
  2 orcs
60 creatures vanquished.

Vanquished Creatures (others)
  2 deep elf zephyrmancers
  A large abomination (Abyss:3)
  A neqoxec (Abyss:3)
  A small abomination (Abyss:3)
  An orc priest (Orc:2)
  A white imp (Abyss:3)
  An orc (Snake:4)
  12 fungi
  101 plants
  11 starspawn tentacles (Abyss:3)
  5 tentacles
  24 withered plants (Lair:5)
161 creatures vanquished.

Grand Total: 2430 creatures vanquished

Notes
Turn   | Place    | Note
-------+----------+-------------------------------------------
     0 | D:1      | raph the Hill Orc Berserker began the quest for the Orb.
     0 | D:1      | Reached XP level 1. HP: 19/19 MP: 1/1
   120 | D:1      | Found Fyruagim's Antique Weapon Shop.
   156 | D:1      | Reached XP level 2. HP: 18/26 MP: 2/2
   254 | D:1      | Reached skill level 5 in Axes
   418 | D:1      | Found Kanogot's Assorted Antiques.
   474 | D:1      | Found Zucvich's Weapon Boutique.
   505 | D:1      | Reached XP level 3. HP: 31/31 MP: 3/3
   530 | D:1      | Found Faotinac's Weapon Shop.
   895 | D:2      | Reached ** piety under Trog
   977 | D:1      | Bought a +0 war axe for 49 gold pieces
  1004 | D:2      | Reached skill level 6 in Axes
  1480 | D:2      | Reached XP level 4. HP: 39/39 MP: 4/4
  1819 | D:3      | Noticed Sigmund
  1830 | D:3      | Killed Sigmund
  1831 | D:3      | Reached skill level 8 in Axes
  1831 | D:3      | Reached XP level 5. HP: 45/45 MP: 5/5
  1831 | D:3      | Reached XP level 6. HP: 51/51 MP: 6/6
  1896 | D:3      | Reached skill level 9 in Axes
  2336 | D:3      | Found a hazy altar of Hepliaklqana.
  2381 | D:3      | Found Xitolut's Weapon Shoppe.
  2397 | D:3      | Found a faded altar of an unknown god.
  2534 | D:3      | Found a glowing golden altar of the Shining One.
  2534 | D:3      | Found a blossoming altar of Fedhas.
  2689 | D:4      | Reached skill level 10 in Axes
  2689 | D:4      | Reached XP level 7. HP: 52/57 MP: 7/7
  3079 | D:4      | Reached *** piety under Trog
  3080 | D:4      | Reached skill level 11 in Axes
  3460 | D:5      | Entered Level 5 of the Dungeon
  3589 | D:5      | Reached skill level 12 in Axes
  3589 | D:5      | Reached XP level 8. HP: 64/64 MP: 8/8
  3901 | D:5      | Found a stormy altar of Qazlal.
  4116 | D:5      | Found a glowing drain.
  4124 | Sewer    | Entered a sewer
  4386 | Sewer    | Reached skill level 13 in Axes
  4623 | Sewer    | Reached **** piety under Trog
  4982 | D:5      | Reached skill level 14 in Axes
  5079 | D:5      | Identified a scroll of acquirement
  5079 | D:5      | Acquired a +1 executioner's axe of flaming
  5199 | D:6      | Noticed Edmund
  5209 | D:6      | Killed Edmund
  5210 | D:6      | Reached XP level 9. HP: 27/72 MP: 9/9
  5595 | D:6      | Noticed Blork the orc
  5600 | D:6      | Killed Blork the orc
  5743 | D:1      | Bought a scroll labelled TAN VEENAYCEAGH for 26 gold pieces
  6205 | D:6      | Found a staircase to the Ecumenical Temple.
  6322 | D:7      | Reached skill level 5 in Fighting
  6646 | D:7      | Noticed Pikel
  6654 | D:7      | Killed Pikel
  6655 | D:7      | Reached skill level 15 in Axes
  6676 | D:7      | Noticed Prince Ribbit
  6719 | D:7      | Killed Prince Ribbit
  7174 | D:7      | Found a runed translucent door.
  7176 | D:7      | Noticed Crazy Yiuf
  7186 | D:7      | Killed Crazy Yiuf
  7387 | D:8      | Reached XP level 10. HP: 83/83 MP: 10/10
  7387 | D:8      | Found an ornate altar of the Wu Jian Council.
  7766 | D:8      | Reached skill level 5 in Armour
  8009 | D:8      | Reached skill level 16 in Axes
  8505 | D:9      | Found an ancient bone altar of Kikubaaqudgha.
  9023 | D:9      | Found a staircase to the Lair.
  9273 | D:9      | Found a glowing silver altar of Zin.
  9799 | Lair:1   | Entered Level 1 of the Lair of Beasts
  9881 | Lair:1   | Reached ***** piety under Trog
  9883 | Lair:1   | Reached skill level 17 in Axes
  9883 | Lair:1   | Reached skill level 5 in Dodging
  9883 | Lair:1   | Reached XP level 11. HP: 49/93 MP: 11/11
 10659 | Lair:1   | Reached skill level 18 in Axes
 11286 | Lair:2   | Noticed an eight-headed hydra
 11292 | Lair:2   | Killed a five-headed hydra
 11588 | Lair:2   | Found a staircase to the Snake Pit.
 11592 | Lair:2   | Reached XP level 12. HP: 104/104 MP: 12/12
 12075 | Lair:2   | Acquired 1007 gold pieces
 12172 | Lair:2   | Reached skill level 19 in Axes
 12683 | Lair:3   | Noticed a six-headed hydra
 12690 | Lair:3   | Killed a two-headed hydra
 12909 | Lair:3   | Reached skill level 10 in Fighting
 12915 | Lair:3   | Found a staircase to the Shoals.
 13909 | Lair:4   | Noticed a six-headed hydra
 13924 | Lair:4   | Killed a three-headed hydra
 14690 | Lair:4   | Reached skill level 20 in Axes
 15093 | Lair:5   | Entered Level 5 of the Lair of Beasts
 15263 | Lair:5   | Reached XP level 13. HP: 114/114 MP: 13/13
 15283 | Lair:5   | Received a gift from Trog
 15983 | Lair:5   | Noticed a dire elephant
 15983 | Lair:5   | Noticed a dire elephant
 15983 | Lair:5   | Noticed a dire elephant
 15983 | Lair:5   | Noticed a dire elephant
 16064 | Lair:5   | Noticed a dire elephant
 16084 | Lair:5   | Killed a dire elephant
 16085 | Lair:5   | Reached skill level 10 in Armour
 16695 | Lair:5   | Identified the +10 great mace of Distraction {freeze, rPois
                  | rF- Str+8 Int-2}
 16758 | Lair:5   | Reached skill level 21 in Axes
 17182 | Lair:5   | Killed a dire elephant
 17186 | Lair:5   | Killed a dire elephant
 17191 | Lair:5   | Killed a dire elephant
 17198 | Lair:5   | Killed a dire elephant
 17333 | Lair:5   | Found a runed translucent door.
 17335 | Lair:5   | Noticed an azure jelly
 17335 | Lair:5   | Noticed an azure jelly
 17336 | Lair:5   | Found a staircase to the Slime Pits.
 17336 | Lair:5   | Noticed an azure jelly
 17854 | D:10     | Entered Level 10 of the Dungeon
 17881 | D:10     | Reached XP level 14. HP: 94/126 MP: 14/14
 17979 | D:10     | Found a roughly hewn altar of Beogh.
 18045 | D:10     | Found Esoutut's Book Boutique.
 18058 | D:10     | Received a gift from Trog
 18445 | D:10     | Found a basalt altar of Yredelemnul.
 18742 | D:10     | Noticed Maurice
 18750 | D:10     | Killed Maurice
 18856 | D:11     | Reached skill level 22 in Axes
 18903 | D:11     | Identified the ring of the Sun {Will+ rCorr Dex+6 SInv
                  | Stlth+}
 19996 | D:12     | Found a runed translucent gate.
 19997 | D:12     | Found a runed translucent gate.
 19998 | D:12     | Found a runed translucent gate.
 20460 | D:12     | Found a staircase to the Orcish Mines.
 20690 | D:12     | Noticed diceflayer's ghost (journeyman MiFi)
 20723 | D:12     | Killed diceflayer's ghost
 21197 | Orc:1    | Entered Level 1 of the Orcish Mines
 21488 | Orc:1    | Identified the +11 battleaxe "Heggaqil" {antimagic, *Slow
                  | rF+ SInv} (Trog gifted it to you on level 1 of the Orcish
                  | Mines)
 21488 | Orc:1    | Received a gift from Trog
 21790 | Orc:2    | Entered Level 2 of the Orcish Mines
 21790 | Orc:2    | Found a staircase to the Elven Halls.
 21834 | Orc:2    | Found Zun Gees's Distillery.
 21838 | Orc:2    | Bought a potion of heal wounds for 55 gold pieces
 21838 | Orc:2    | Bought a potion of haste for 110 gold pieces
 21838 | Orc:2    | Bought a potion of haste for 110 gold pieces
 21838 | Orc:2    | Bought a potion of invisibility for 88 gold pieces
 21870 | Orc:2    | Found a dark tunnel.
 21884 | Volcano  | Entered a volcano
 22196 | Volcano  | Reached skill level 23 in Axes
 22196 | Volcano  | Reached XP level 15. HP: 125/136 MP: 15/15
 22514 | Orc:2    | Noticed Erolcha
 22520 | Orc:2    | Killed Erolcha
 22917 | Orc:2    | Found Xevir's Distillery.
 22917 | Orc:2    | Found Ennue's Book Boutique.
 22917 | Orc:2    | Found Havyecere's Assorted Antiques.
 22936 | Orc:2    | Found Qaanesm's Armour Shop.
 22940 | Orc:2    | Bought a scroll of teleportation for 105 gold pieces
 22940 | Orc:2    | Bought a scroll of fear for 140 gold pieces
 22940 | Orc:2    | Bought a scroll of fear for 140 gold pieces
 22943 | Orc:2    | Bought a +2 pair of gloves of strength for 258 gold pieces
 22954 | Orc:2    | Bought a scroll of identify for 70 gold pieces
 22954 | Orc:2    | Bought a phantom mirror for 1400 gold pieces
 22956 | Orc:2    | Bought a potion of ambrosia for 120 gold pieces
 23113 | Orc:2    | Found a runed translucent gate.
 23113 | Orc:2    | Found a runed translucent gate.
 23116 | Orc:2    | Noticed rikstar's ghost (journeyman MiGl)
 23125 | Orc:2    | Identified the +6 mace "Odississ" {elec, rF+ rC- Int+2
                  | Stlth+}
 23126 | Orc:2    | Identified the +3 chain mail of Yttakh {+Blink rElec}
 23127 | Orc:2    | Found a runed translucent gate.
 23303 | Orc:2    | Found a roughly hewn altar of Beogh.
 23325 | Orc:2    | Killed rikstar's ghost
 23340 | Orc:2    | Reached skill level 1 in Throwing
 23341 | Orc:2    | Reached skill level 1 in Evocations
 23946 | D:13     | Reached ****** piety under Trog
 24499 | D:13     | Found a gate to the Vaults.
 24947 | D:14     | Received a gift from Trog
 25082 | D:14     | Found Cidimon's Distillery.
 25087 | D:14     | Bought a potion of resistance for 170 gold pieces
 25087 | D:14     | Bought a potion of heal wounds for 85 gold pieces
 25087 | D:14     | Bought a potion of might for 68 gold pieces
 25164 | D:14     | Reached skill level 10 in Dodging
 25821 | D:15     | Entered Level 15 of the Dungeon
 25974 | D:15     | Reached skill level 24 in Axes
 26028 | D:15     | Reached XP level 16. HP: 114/147 MP: 16/16
 26364 | D:15     | Noticed Rupert
 26481 | D:15     | Killed Rupert
 26631 | D:15     | Found a staircase to the Depths.
 26700 | D:15     | Found Niacui's Distillery.
 26772 | D:15     | Found an opulent altar of Gozag.
 26859 | D:15     | Found a runed translucent gate.
 26860 | D:15     | Found a runed translucent gate.
 26860 | D:15     | Found an ancient bone altar of Kikubaaqudgha.
 26861 | D:15     | Found a runed translucent gate.
 26861 | D:15     | Noticed diceflayer's ghost (journeyman DsHu)
 26861 | D:15     | Noticed prikolics's ghost (journeyman NaWr)
 26861 | D:15     | Noticed Yamstis's ghost (adept GnMo)
 26862 | D:15     | Noticed a lich
 26862 | D:15     | Noticed a lich
 26882 | D:15     | Killed a lich
 26891 | D:15     | Killed diceflayer's ghost
 26891 | D:15     | Killed Yamstis's ghost
 26892 | D:15     | Reached skill level 5 in Evocations
 26901 | D:15     | Killed a lich
 26902 | D:15     | Killed prikolics's ghost
 26939 | D:15     | Identified the amulet of the Thirsty Xeniums {Faith Str-4
                  | Int+4 Dex+2}
 27021 | D:15     | Identified the +4 cloak of Mental Paralysis {rPois Slay+3}
 27305 | Shoals:1 | Entered Level 1 of the Shoals
 27576 | Shoals:1 | Received a gift from Trog
 27668 | Shoals:1 | Reached skill level 5 in Throwing
 27670 | Shoals:1 | Reached skill level 15 in Fighting
 27811 | Shoals:1 | Noticed a kraken
 27818 | Shoals:1 | Killed a kraken
 27983 | Shoals:1 | Noticed a kraken
 27991 | Shoals:1 | Killed a kraken
 28317 | Shoals:1 | Found a hide-covered altar of Uskayaw.
 28840 | Shoals:2 | Found a transporter.
 28842 | Shoals:2 | Found a transporter.
 28979 | Shoals:2 | Found a transporter.
 28986 | Shoals:2 | Found a transporter.
 28997 | Shoals:2 | Reached XP level 17. HP: 156/156 MP: 17/17
 29370 | Shoals:2 | Found a transporter.
 29374 | Shoals:2 | Found a transporter.
 30776 | Shoals:3 | Noticed a kraken
 30784 | Shoals:3 | Killed a kraken
 30786 | Shoals:3 | Noticed Ilsuiw
 30799 | Shoals:3 | Killed Ilsuiw
 31441 | Shoals:3 | Received a gift from Trog
 31906 | Shoals:4 | Entered Level 4 of the Shoals
 31982 | Shoals:4 | Noticed Mlioglotl
 31989 | Shoals:4 | Noticed a Hell Sentinel
 31990 | Shoals:4 | Killed Mlioglotl
 32295 | Shoals:4 | Found Cuxkoupsu's Magic Scroll Shop.
 32298 | Shoals:4 | Bought a scroll of enchant weapon for 105 gold pieces
 32298 | Shoals:4 | Bought a scroll of teleportation for 42 gold pieces
 32298 | Shoals:4 | Bought a scroll of teleportation for 42 gold pieces
 32358 | Shoals:4 | Received a gift from Trog
 32369 | Shoals:4 | Reached XP level 18. HP: 141/166 MP: 18/18
 32395 | Shoals:4 | Got a barnacled rune of Zot
 32716 | Shoals:4 | Reached skill level 15 in Armour
 33003 | Shoals:4 | Noticed Aizul
 33011 | Shoals:4 | Killed Aizul
 33456 | Snake:1  | Entered Level 1 of the Snake Pit
 33511 | Snake:1  | Found Zomac's Armour Shoppe.
 33511 | Snake:1  | Found Mitiutad's Book Emporium.
 33906 | Snake:1  | Reached skill level 10 in Throwing
 34588 | Snake:2  | Received a gift from Trog
 35608 | Snake:3  | Found a frozen archway.
 35714 | IceCv    | Entered an ice cave
 36362 | IceCv    | Received a gift from Trog
 36584 | IceCv    | Noticed an Ice Fiend
 36591 | IceCv    | Killed an Ice Fiend
 36592 | IceCv    | Reached XP level 19. HP: 177/177 MP: 19/19
 37619 | Snake:4  | Entered Level 4 of the Snake Pit
 37720 | Snake:4  | Noticed Saint Roka
 37739 | Snake:4  | Killed Saint Roka
 38249 | Snake:4  | Noticed Vashnia
 38279 | Snake:4  | Killed Vashnia
 38960 | Snake:4  | Found Qarer's Antique Weapon Emporium.
 38983 | Snake:4  | Noticed Louise
 39002 | Snake:4  | Killed Louise
 39568 | Snake:4  | Received a gift from Trog
 39848 | Snake:4  | Reached skill level 10 in Evocations
 40321 | Snake:4  | Got a serpentine rune of Zot
 40630 | Vaults:1 | Entered Level 1 of the Vaults
 40704 | Vaults:1 | Found a runed translucent gate.
 40704 | Vaults:1 | Found a runed translucent gate.
 40704 | Vaults:1 | Found a runed translucent gate.
 40706 | Vaults:1 | Noticed Lianjan's ghost (adept GnWr)
 40856 | Vaults:1 | Identified the +1 scale mail "Copoko" {Drain Str+7 Int+3}
 41396 | Vaults:1 | Reached XP level 20. HP: 187/187 MP: 20/20
 41856 | Vaults:1 | Noticed Asterion
 42122 | D:13     | Reached skill level 25 in Axes
 42138 | Vaults:1 | Killed Asterion
 42206 | Vaults:1 | Received a gift from Trog
 42448 | Vaults:1 | Found a runed translucent door.
 43782 | Vaults:2 | Noticed Boris
 43787 | Vaults:2 | Noticed Donald
 43789 | Vaults:2 | Noticed Mara
 43799 | Vaults:2 | Noticed raph's illusion
 44221 | Vaults:2 | Killed Donald
 44238 | Vaults:2 | Noticed raph's illusion
 44239 | Vaults:2 | Killed Mara
 44563 | Vaults:2 | Found the +3 crown of Dyrovepreva {rElec Int+2 SInv}
 44578 | Vaults:2 | Killed Boris
 45014 | Vaults:3 | Received a gift from Trog
 45292 | Vaults:3 | Identified the staff of fire "Goiff" {rPois rF+ Will+}
 45460 | Vaults:3 | Found a staircase to the Crypt.
 45483 | Vaults:3 | Found a magical portal.
 45507 | WizLab   | Entered The Hall of the Hellbinder
 45528 | WizLab   | Reached XP level 21. HP: 167/195 MP: 21/21
 45904 | Vaults:3 | Noticed Boris
 45915 | Vaults:3 | Killed Boris
 45929 | Vaults:3 | Received a gift from Trog
 46032 | Vaults:3 | Found Keoxy's Weapon Shoppe.
 46498 | Vaults:3 | Found a portal to a secret trove of treasure.
 47058 | Vaults:4 | Noticed Margery
 47068 | Vaults:4 | Killed Margery
 47068 | Vaults:4 | Received a gift from Trog
 47841 | Vaults:4 | Paralysed by a sphinx for 2 turns
 47846 | Vaults:4 | Noticed a golden dragon
 47854 | Vaults:4 | Killed a golden dragon
 47854 | Vaults:4 | Received a gift from Trog
 48211 | Vaults:4 | Reached XP level 22. HP: 206/206 MP: 22/22
 48541 | Elf:1    | Entered Level 1 of the Elven Halls
 48552 | Elf:1    | Reached skill level 26 in Axes
 48558 | Elf:1    | Found an ancient bone altar of Kikubaaqudgha.
 48566 | Elf:1    | Found an ancient bone altar of Kikubaaqudgha.
 48574 | Elf:1    | Found an ancient bone altar of Kikubaaqudgha.
 48574 | Elf:1    | Found a shimmering altar of Xom.
 48735 | Elf:1    | Reached skill level 15 in Throwing
 48750 | Elf:1    | Received a gift from Trog
 49296 | Elf:1    | Identified the +6 flail of Suicidal Tendencies {flame,
                  | Fragile rN++}
 49305 | Elf:1    | Found a radiant altar of Vehumet.
 49484 | Elf:1    | Received a gift from Trog
 50545 | Elf:2    | Paralysed by an air elemental for 1 turns
 50866 | Elf:2    | Found a runed translucent gate.
 50869 | Elf:2    | Found a runed translucent gate.
 50869 | Elf:2    | Found a runed translucent gate.
 51330 | Elf:2    | Received a gift from Trog
 51753 | Elf:3    | Entered Level 3 of the Elven Halls
 52347 | Elf:3    | Identified the ring "Zebet" {rF+ AC+4 Int+2}
 52373 | Elf:3    | Received a gift from Trog
 52673 | Elf:3    | HP: 8/202 [deep elf master archer/arrow (27)]
 52693 | Elf:3    | Reached XP level 23. HP: 41/211 MP: 23/23
 52824 | Elf:3    | Paralysed by an air elemental for 1 turns
 53034 | Elf:3    | Identified the +6 sling of Law {antimagic, rC+ Str+3 Dex+4}
 53049 | Elf:3    | Identified the +5 spear "Grim" {freeze, rC+ Dex+3}
 53060 | Elf:3    | Identified the staff of conjuration "Ocecvokat" {Fragile
                  | rC+ Dex+4}
 53079 | Elf:3    | Identified the staff of poison "Etiupn" {rPois rN+}
 53084 | Elf:3    | Identified the +2 spear "Finouwnuirph" {flame, Int+5}
 53491 | Depths:1 | Entered Level 1 of the Depths
 53607 | Depths:1 | Identified the +1 leather armour of the Barracuda {*Corrode
                  | +Inv rC+}
 53627 | Depths:1 | Found a one-way gate leading to the halls of Pandemonium.
 53654 | Depths:1 | Found a gateway to Hell.
 53795 | Depths:1 | Found a runed translucent gate.
 53796 | Depths:1 | Found a runed translucent gate.
 53796 | Depths:1 | Found a runed translucent gate.
 54924 | Depths:1 | Received a gift from Trog
 55003 | Depths:1 | Found a hide-covered altar of Uskayaw.
 55218 | Depths:1 | Reached skill level 27 in Axes
 55619 | Depths:2 | Found Vuguemn's Antique Weapon Boutique.
 55627 | Depths:2 | Bought a crystal war axe for 297 gold pieces
 55627 | Depths:2 | Identified the +4 war axe "Seravang" {drain, rElec} (You
                  | bought it in a shop on level 2 of the Depths)
 55646 | Depths:2 | Found Meanoj's Weapon Shoppe.
 55711 | Depths:2 | Reached skill level 15 in Dodging
 55974 | Depths:2 | Identified the +0 halberd of Riepseporu {flame, rElec
                  | Int+3}
 56152 | Depths:2 | Noticed Boris
 56162 | Depths:2 | Killed Boris
 56250 | Depths:2 | Noticed a juggernaut
 56265 | Depths:2 | Killed a juggernaut
 56290 | Depths:2 | Received a gift from Trog
 56721 | Depths:2 | Found Sifereze's Assorted Antiques.
 56725 | Depths:2 | Bought a steaming broad axe for 324 gold pieces
 56725 | Depths:2 | Identified the +8 broad axe "Igum" {flame, rPois Str+3}
                  | (You bought it in a shop on level 2 of the Depths)
 56725 | Depths:2 | Bought a wand of roots (8) for 691 gold pieces
 56785 | Depths:2 | Found Husim's Distillery.
 56792 | Depths:2 | Bought a potion of heal wounds for 65 gold pieces
 56792 | Depths:2 | Bought a potion of might for 52 gold pieces
 56792 | Depths:2 | Bought a potion of ambrosia for 104 gold pieces
 56792 | Depths:2 | Bought a potion of curing for 39 gold pieces
 56792 | Depths:2 | Bought 2 potions of curing for 78 gold pieces
 56792 | Depths:2 | Bought a potion of curing for 39 gold pieces
 56792 | Depths:2 | Bought a potion of invisibility for 104 gold pieces
 56845 | Depths:2 | Found an ornate altar of the Wu Jian Council.
 57071 | Depths:2 | Reached XP level 24. HP: 228/228 MP: 23/23
 57415 | Depths:3 | Found a one-way gate to the infinite horrors of the Abyss.
 57610 | Depths:3 | Found a one-way gateway to a ziggurat.
 57953 | Depths:3 | Found a runed translucent door.
 57955 | Depths:3 | Noticed a caustic shrike
 58001 | Depths:3 | Found a runed translucent door.
 58015 | Depths:3 | Killed a caustic shrike
 58015 | Depths:3 | Noticed a juggernaut
 58016 | Depths:3 | Noticed a juggernaut
 58219 | Depths:3 | Received a gift from Trog
 58240 | Depths:3 | Killed a juggernaut
 58246 | Depths:3 | Paralysed by a sphinx for 4 turns
 58283 | Depths:3 | Killed a juggernaut
 58472 | Depths:4 | Entered Level 4 of the Depths
 58784 | Depths:4 | Noticed Boris
 58793 | Depths:4 | Killed Boris
 58874 | Depths:4 | Received a gift from Trog
 58877 | Depths:4 | Found a gate to the Realm of Zot.
 59022 | Depths:4 | HP: 7/221 [spriggan rider/+0 spear (10)]
 59744 | Depths:4 | Reached XP level 25. HP: 237/237 MP: 23/23
 59791 | Depths:4 | Gained mutation: You are vulnerable to heat. (rF-) [a
                  | shining eye]
 59792 | Depths:4 | Gained mutation: You have hidden genetic defects. [a
                  | shining eye]
 60026 | Depths:4 | Noticed a juggernaut
 60256 | Depths:4 | Lost mutation: You have hidden genetic defects. [potion of
                  | mutation]
 60256 | Depths:4 | Lost mutation: You are vulnerable to heat. (rF-) [potion of
                  | mutation]
 60256 | Depths:4 | Gained mutation: Your spells are a little easier to cast,
                  | but a little less powerful. [potion of mutation]
 60256 | Depths:4 | Gained mutation: Your body sometimes deteriorates upon
                  | taking damage. [potion of mutation]
 60256 | Depths:4 | Lost mutation: Your spells are a little easier to cast, but
                  | a little less powerful. [potion of mutation]
 60257 | Depths:4 | Lost mutation: Your body sometimes deteriorates upon taking
                  | damage. [potion of mutation]
 60257 | Depths:4 | Gained mutation: You are agile. (Dex +4, Str/Int -1)
                  | [potion of mutation]
 60257 | Depths:4 | Gained mutation: Your body sometimes deteriorates upon
                  | taking damage. [potion of mutation]
 60257 | Depths:4 | Gained mutation: You are partially covered in iridescent
                  | scales. (AC +2) [potion of mutation]
 60382 | Depths:3 | Voluntarily entered the Abyss.
 60488 | Abyss:3  | Found a roughly hewn altar of Beogh.
 60779 | Abyss:3  | Found a viscous altar of Jiyva.
 61010 | Abyss:3  | Gained mutation: You occasionally lose the ability to read
                  | scrolls when taking damage. [a neqoxec]
 61143 | Abyss:3  | Received a gift from Trog
 61168 | Abyss:3  | Noticed a dread lich
 61180 | Abyss:3  | Killed a dread lich
 61452 | Abyss:3  | Found a corrupted altar of Lugonu.
 61489 | Abyss:3  | Found a glowing golden altar of the Shining One.
 61496 | Abyss:3  | Noticed a juggernaut
 61507 | Abyss:3  | Killed a juggernaut
 61534 | Abyss:3  | Got an abyssal rune of Zot
 61664 | Depths:3 | Escaped the Abyss
 61690 | Zot:1    | Entered Level 1 of the Realm of Zot
 61724 | Zot:1    | Acquired a manual of Evocations
 61726 | Zot:1    | Acquired a manual of Armour
 61728 | Zot:1    | Acquired a manual of Evocations
 61768 | Zot:1    | Identified the +2 executioner's axe of Trog's Righteous
                  | Anger {heavy, Str+8 Stlth-} (Trog gifted it to you on level
                  | 1 of the Realm of Zot)
 61768 | Zot:1    | Received a gift from Trog
 61984 | Zot:1    | Identified the +4 leather armour "Tuezul" {rCorr}
 62388 | Zot:2    | Reached XP level 26. HP: 234/256 MP: 23/23
 63672 | Zot:3    | Received a gift from Trog
 63739 | Zot:3    | Noticed an orb of fire
 63756 | Zot:3    | Killed an orb of fire
 63899 | Zot:3    | Reached skill level 15 in Evocations
 65992 | Zot:5    | Entered Level 5 of the Realm of Zot
 66102 | Zot:5    | Reached XP level 27. HP: 238/267 MP: 0/23
 66505 | Zot:5    | Noticed an orb of fire
 66508 | Zot:5    | Noticed an orb of fire
 66512 | Zot:5    | Gained mutation: You occasionally lose the ability to drink
                  | potions when taking damage. [an orb of fire]
 66516 | Zot:5    | Noticed an ancient lich
 66521 | Zot:5    | Killed an orb of fire
 66523 | Zot:5    | Gained mutation: Your spells are a little easier to cast,
                  | but a little less powerful. [an orb of fire]
 66528 | Zot:5    | Killed an orb of fire
 66558 | Zot:5    | Killed an ancient lich
 66577 | Zot:5    | Noticed a dread lich
 66578 | Zot:5    | Noticed an ancient lich
 66578 | Zot:5    | Noticed a dread lich
 66585 | Zot:5    | Paralysed by a dread lich for 4 turns
 66606 | Zot:5    | Noticed an ancient lich
 66606 | Zot:5    | Killed a dread lich
 66846 | Zot:4    | Lost mutation: You occasionally lose the ability to read
                  | scrolls when taking damage. [potion of mutation]
 66846 | Zot:4    | Lost mutation: You occasionally lose the ability to drink
                  | potions when taking damage. [potion of mutation]
 66846 | Zot:4    | Lost mutation: Your body sometimes deteriorates upon taking
                  | damage. [potion of mutation]
 66846 | Zot:4    | Gained mutation: You are vulnerable to cold. (rC-) [potion
                  | of mutation]
 66846 | Zot:4    | Lost mutation: You are agile. (Dex +4, Str/Int -1) [potion
                  | of mutation]
 66846 | Zot:4    | Gained mutation: You are vulnerable to heat. (rF-) [potion
                  | of mutation]
 66847 | Zot:4    | Lost mutation: You are vulnerable to heat. (rF-) [potion of
                  | mutation]
 66847 | Zot:4    | Lost mutation: You are partially covered in iridescent
                  | scales. (AC +2) [potion of mutation]
 66847 | Zot:4    | Lost mutation: You are vulnerable to cold. (rC-) [potion of
                  | mutation]
 66847 | Zot:4    | Gained mutation: You have hidden genetic potential. [potion
                  | of mutation]
 66847 | Zot:4    | Gained mutation: Your movements are slightly less
                  | encumbered by armour. (ER -2) [potion of mutation]
 66847 | Zot:4    | Gained mutation: You are partially covered in iridescent
                  | scales. (AC +2) [potion of mutation]
 66859 | Zot:4    | Killed an ancient lich
 67018 | Zot:4    | Killed a dread lich
 67175 | Zot:5    | Killed an ancient lich
 67396 | Zot:5    | Noticed an orb of fire
 67588 | Zot:5    | Killed an orb of fire
 67797 | Zot:5    | Noticed an ancient lich
 67813 | Zot:5    | Killed an ancient lich
 67818 | Zot:5    | Received a gift from Trog
 67855 | Zot:5    | Noticed a dread lich
 68339 | Zot:5    | Noticed a dread lich
 68339 | Zot:5    | Noticed an ancient lich
 68339 | Zot:5    | Noticed a dread lich
 68356 | Zot:5    | Killed a dread lich
 68358 | Zot:5    | Killed an ancient lich
 68362 | Zot:5    | Noticed a dread lich
 68362 | Zot:5    | Killed a dread lich
 68367 | Zot:5    | Killed a dread lich
 68554 | Zot:5    | Killed a dread lich
 68983 | Zot:5    | Got the Orb of Zot
 69435 | D:7      | Noticed Yrghieloi the pandemonium lord
 69539 | D:$      | Escaped with the Orb!

Illustrated notes

Levels and vault maps discovered:
D:1:      amcnicky_arrival_single_pillar, layout_loops_ring, serial_shops,
          nicolae_square_shop, shop, shop, nicolae_shop_bloodbath_and_beyond,
          kennysheep_doodads, minmay_tripent
D:2:      layout_loops_ring
D:3:      kennysheep_big_flooded_room, layout_basic,
          nicolae_hepliaklqana_hippocampus, gammafunk_temple_overflow_elements,
          serial_shops, shop, shapermc_ecumenical_altar_acropolis,
          lightli_corner_chamber, uniq_sigmund
D:4:      layout_cave_pools, kennysheep_nondescript, dk_noncrumbling_2,
          kennysheep_another_room
D:5:      minmay_polygon_palace, layout_basic, mainiacjoe_overflow_tiny_flanked,
          portal_sewer_entry_e
D:6:      layout_basic, minmay_temple_entry_butterflies, nrook_loot_triangle,
          uniq_blork_the_orc, uniq_edmund
D:7:      layout_loops_cross, uniq_crazy_yiuf_cottage, uniq_pikel,
          uniq_prince_ribbit1
D:8:      layout_cave_pods, mainiacjoe_overflow_cross_hatched
D:9:      layout_basic, mainiacjoe_overflow_small_starburst,
          mainiacjoe_overflow_surrounded_room, dpeg_oklobed_lair,
          kennysheep_dice
D:10:     layout_rooms, nicolae_yredelemnul_corpse_copse, special_room
          [special_room_orc], serial_shops, shop, uniq_maurice
D:11:     layout_long_grid
D:12:     wad_woods_tower, layout_small_grid, orc_0_dummy,
          gammafunk_ghost_necromancy
D:13:     layout_long_grid, david_vaults_4
D:14:     layout_stronghold, minmay_misc_feat_cross, serial_shops,
          nicolae_shop_industrial_runoff, small_chamber_with_monster
D:15:     gammafunk_enter_depths_forms, layout_cave_pools,
          gammafunk_ghost_crypt, nicolae_gozag_cash_rules_everything_around_me,
          serial_shops, nicolae_shop_crystal, uniq_rupert
Lair:1:   layout_long_grid, minivault_25, serial_bayou_ford_a,
          grunt_megastairs_4, lemuel_fruit_tree, infiniplex_staircase_pool
Lair:2:   layout_small_grid, minmay_snake_entry_six_corridors, minmay_holes
Lair:3:   layout_regular_city, minmay_shoals_entry_centaurs
Lair:4:   layout_cave_pods
Lair:5:   due_jungle_book, layout_regular_city, slime_entry_2,
          dreamdust_gnoll_shepherd
Shoals:1: layout_shoals, regret_index_shoals_crete
Shoals:2: layout_shoals, serial_nicolae_subway, nicolae_sub_station_metal,
          nicolae_sub_station_crystal, nicolae_sub_station_stone
Shoals:3: layout_shoals, nicolae_shoals_enchanted_isle, uniq_ilsuiw
Shoals:4: shoals_end_grunt_ice, layout_shoals, serial_shops,
          nicolae_shop_rolled_up, uniq_aizul, uniq_mlioglotl
Snake:1:  cheibrodos_snake_ritualist_ritual, layout_misc_corridors,
          nicolae_snake_guarding_the_ruins, minmay_shoptagon
Snake:2:  layout_rooms, st_stairs_7, drop_trap
Snake:3:  layout_onion, portal_ice_cave_entry_ice_statue_two,
          nicolae_snake_gridmaze_zigzag, st_stairs_7
Snake:4:  hellmonk_snake_rune_quicksilver_temple, layout_cave_town,
          serial_shops, shop, uniq_vashnia, uniq_saint_roka, uniq_louise
Orc:1:    layout_caves
Orc:2:    st_orc_mages, layout_caves, serial_shops, shop,
          biasface_ghost_orc_armoury, enter_volcano_3, uniq_erolcha
Elf:1:    minmay_the_grid_octo_tiled_octocenter [minmay_the_grid_octo_horde,
          minmay_the_grid_octo_clover_2, minmay_the_grid_octo_shrine,
          minmay_the_grid_octo_chip, minmay_the_grid_octo_prize_single_spiral,
          minmay_the_grid_square_5x5_bracketed,
          minmay_the_grid_square_5x5_empty, minmay_the_grid_square_5x5_meh,
          minmay_the_grid_square_5x5_z], layout_gridlike, basic_altar,
          minmay_elf_annihilation, minmay_misc_feat_pillars, grunt_ministairs_15
Elf:2:    nicolae_elf_blades_crystal_corner, layout_geoelf_grid
Elf:3:    minmay_elf_hall_curves, layout_geoelf_castle
Vaults:1: gammafunk_ghost_spectres, vaults_room_semicircle,
          nicolae_vaults_prndl, nicolae_vaults_network_barrier,
          nicolae_vaults_circle_grid_a, ontoclasm_vaults_spin,
          nicolae_vaults_network_quinsquares
          [nicolae_vaults_network_quincunx_subvault,
          nicolae_vaults_network_quincunx_subvault,
          nicolae_vaults_network_quincunx_subvault,
          nicolae_vaults_network_quincunx_subvault],
          nicolae_vaults_more_shelving_1, nicolae_vaults_tangram_1, v_misc_16,
          nicolae_vaults_door_testing_chamber, hangedman_vaults_trim,
          nicolae_vaults_oozy_zoo, layout_vaults_big_cross, uniq_asterion
Vaults:2: grunt_vaults_focal, vaults_dpeg_spiral, nicolae_vaults_circle_grid_b,
          nicolae_vaults_closet_pinwheel_1, nicolae_vaults_border_crossing,
          nicolae_vaults_tetromino_T_2, v_misc_28,
          nicolae_vaults_more_shelving_2, nicolae_vaults_tetromino_L_2,
          layout_vaults_omnigrid, uniq_donald, uniq_boris, uniq_mara
Vaults:3: lightli_enter_wizlab_magi_temple, minmay_crypt_entry_simple_statues,
          nicolae_vaults_oval_intersection, nicolae_vaults_stand_back,
          v_misc_15, nicolae_vaults_network_periphery,
          nicolae_vaults_what_the_h, vaults_room_semicircle, v_misc_5,
          nicolae_vaults_taking_the_gang_shopping, vaults_mumra_chevron,
          nicolae_vaults_cornered_office, nicolae_vaults_tetromino_Z_2,
          layout_vaults_omnibox, enter_trove_3
Vaults:4: st_smaller_cells, dpeg_vaults_monster_box,
          nicolae_vaults_offset_grid_hallway_4, ontoclasm_vaults_fault,
          nicolae_vaults_storage_closets_1, nicolae_vaults_weapon_check,
          ontoclasm_vaults_claustrophobia, nicolae_vaults_trapezoid_lopsided_2,
          nicolae_vaults_closet_pinwheel_1, nicolae_vaults_tetromino_Z_2,
          ontoclasm_vaults_hangar, nicolae_vaults_rhombus_7,
          vaults_room_ringed_pool, v_misc_33, layout_vaults_maze_bifur,
          uniq_margery
Depths:1: layout_gridlike, ploomutoo_gammafunk_ghost_potion_laboratory,
          grunt_mini_vestibule, pan_entry, nrook_mini_vaults,
          nicolae_uskayaw_en_pointe, serial_bayou_shore_b, firewood_loft
Depths:2: little_maze_vault, layout_gridlike, nzn_wu_jian_contemplation,
          serial_corexii_hall, corexii_hall_statues_x,
          chequers_hall_statues_corner_a, hell_entry, pan_entry, serial_shops,
          shop, shop, nicolae_shop_peninsula, shop, infiniplex_staircase_pool_2
Depths:3: minmay_expanding_circles, layout_cave_shapes, enter_ziggurat_e,
          abyss_entry, hell_entry, serial_bayou_shore_b,
          minmay_misc_feat_columns
Depths:4: grunt_zot_entry_bicorn, layout_long_grid, special_room
          [special_room_jelly], hellmouth_3
Zot:1:    layout_misc_corridors
Zot:2:    layout_twisted_circle
Zot:3:    layout_onion, zot_minivault_4
Zot:4:    layout_gridville, st_stairs_7
Zot:5:    layout_gridlike, grunt_ministairs_1

Skill      XL: |  1  2  3  4  5  6  7  8  9 10 11 12 13 14 15 16 17 18 19 20 21 22 23 24 25 26 27 |
---------------+----------------------------------------------------------------------------------+-----
Axes           | 5 6 8 10 12 14 15 17 18 20 21 23 24 25 26 27 | 27.0
Fighting       | 4 6 7 9 10 12 13 14 15 16 17 18 19 20 21 22 24 25 26 | 26.7
Dodging        | 2 3 5 6 7 8 9 10 11 12 13 14 15 16 17 | 17.7
Armour         | 3 4 6 8 9 10 12 13 14 15 16 17 18 19 20 21 23 25 | 25.3
Throwing       | 3 6 9 10 12 13 14 15 16 17 18 19 | 19.2
Evocations     | 3 6 7 9 10 11 12 13 16 19 | 19.0

Action                     |  1- 3 |  4- 6 |  7- 9 | 10-12 | 13-15 | 16-18 | 19-21 | 22-24 | 25-27 || total
---------------------------+-------+-------+-------+-------+-------+-------+-------+-------+-------++-------
  Melee: Hand axe          |    95 |       |       |       |       |       |       |       |       ||    95
         War axe           |    31 |    98 |   202 |       |       |       |       |       |       ||   331
         Punch             |       |     1 |     2 |       |       |       |       |       |       ||     3
         Executioner's axe |       |       |    93 |   371 |   872 |   919 |   918 |  1169 |  1255 ||  5597
  Throw: Dart              |       |       |       |     2 |     3 |       |       |       |       ||     5
         Boomerang         |       |       |       |       |       |    57 |    86 |   193 |    34 ||   370
         Javelin           |       |       |       |       |       |     5 |       |    26 |       ||    31
 Invoke: Berserk           |     2 |     2 |    11 |     8 |    13 |    17 |    11 |    12 |    13 ||    89
         Trog's Hand       |       |       |       |     1 |     7 |    12 |     8 |     9 |    19 ||    56
         Brothers in Arms  |       |       |       |     1 |     5 |     7 |     3 |     2 |     9 ||    27
  Evoke: Wand              |       |       |       |       |       |     3 |       |     3 |     7 ||    13
         Condenser vane    |       |       |       |       |       |       |     1 |     1 |       ||     2
         Lightning rod     |       |       |       |       |       |       |     3 |     4 |       ||     7
         Box of beasts     |       |       |       |       |       |       |     1 |     1 |       ||     2
         Phantom mirror    |       |       |       |       |       |       |       |     1 |       ||     1
    Use: Scroll            |     4 |     5 |    11 |     7 |     6 |     7 |     8 |     7 |    15 ||    70
         Potion            |       |       |       |       |     2 |     2 |     5 |     8 |    16 ||    33
   Stab: Distracted        |       |       |       |       |     3 |     2 |       |     1 |     2 ||     8
 Armour: Leather armour    |    59 |    39 |    74 |     1 |       |       |       |       |       ||   173
         Plate armour      |       |       |       |   231 |   423 |   469 |   386 |   401 |       ||  1910
         Gold dragon scale |       |       |       |       |       |       |       |   121 |   819 ||   940
  Dodge: Dodged            |    72 |    73 |   194 |   218 |   551 |  1021 |   813 |   819 |  1235 ||  4996
  Block: Other             |       |       |       |       |       |       |       |    20 |       ||    20
         Reflection        |       |       |       |       |       |       |       |     4 |       ||     4
